 Dungeon Crawl Stone Soup version 0.29-a0-1023-g6ae1a4a2c7 (webtiles) character file.

Game seed: 4071655886380691356

2 BritishOli the Sneak (level 1, -1/18 HPs)
             Began as a Demonspawn Delver on Aug 11, 2022.
             Slain by a quokka (3 damage)
             ... on level 4 of the Dungeon.
             The game lasted 00:00:58 (81 turns).

BritishOli the Sneak (Demonspawn Delver)              Turns: 81, Time: 00:00:59

Health: -1/18      AC:  4    Str: 12    XL:     1   Next: 33%
Magic:  1/1        EV: 11    Int: 11    God:
Gold:   16         SH:  0    Dex: 14    Spells: 0/0 levels left

rFire   . . .      SeeInvis .   a - +0 falchion
rCold   . . .      Faith    .   (no shield)
rNeg    . . .      Spirit   .   b - +0 leather armour
rPois   .          Reflect  .   (no helmet)
rElec   .          Harm     .   (no cloak)
rCorr   .          Rampage  .   i - +0 pair of gloves
Will    .....                   (no boots)
Stlth   ++........              (no amulet)
HPRegen 0.06/turn               (no ring)
MPRegen 0.07/turn               (no ring)

@: no status effects
A: no striking features
a: no special abilities


You were on level 4 of the Dungeon.
You visited 1 branch of the dungeon, and saw 2 of its levels.

You collected 16 gold pieces.

Inventory:

Hand Weapons
 a - a +0 falchion (weapon)
Armour
 b - a +0 leather armour (worn)
 i - a +0 pair of gloves (worn)
Wands
 g - a wand of digging (3)
Scrolls
 c - a scroll of fog
 d - a scroll of magic mapping
 e - a scroll of fear
 h - 2 scrolls of identify {unknown}
Potions
 f - a potion of haste


   Skills:
 + Level 3.0 Fighting
 + Level 1.8 Long Blades
 + Level 0.1 Armour
 + Level 1.8 Dodging
 - Level 4.5 Stealth


You couldn't memorise any spells.
You didn't know any spells.
Your spell library was empty.

Dungeon Overview and Level Annotations

Branches:
Dungeon (5/15)
 Temple: D:4-7

Altars:


Message History

An orc comes into view. It is wielding a +0 whip.
The quokka bites you but does no damage.
You barely miss the quokka. The quokka closely misses you.
The quokka barely misses you.
The orc shouts!
You hit the quokka.
The quokka is severely wounded.
The goblin closely misses you. The quokka closely misses you.
The goblin closely misses you. The adder bites you but does no damage.
The goblin attacks as you move away! The goblin hits you but does no damage.
Unknown command.
The quokka attacks as you move away! The quokka barely misses you.
The quokka attacks as you move away!
The quokka bites you but does no damage.
The quokka bites you. The adder barely misses you.
The quokka attacks as you move away! The quokka completely misses you.
The adder attacks as you move away! The adder bites you.
You closely miss the adder. Your punch misses the adder. The adder misses you.
The adder closely misses you.
You hit the adder.
The adder is moderately wounded.
The quokka barely misses you. The adder closely misses you.
The quokka barely misses you.
You closely miss the adder.
The adder is moderately wounded.
The adder bites you. The quokka closely misses you.
The adder barely misses you.
You hit the adder.
The adder is heavily wounded.
The quokka barely misses you. The adder bites you. The quokka bites you.
* * * LOW HITPOINT WARNING * * *
The adder barely misses you.
You closely miss the adder.
The adder is moderately wounded.
The quokka barely misses you. The adder bites you.
* * * LOW HITPOINT WARNING * * *
You miss the adder.
The adder is moderately wounded.
The quokka bites you.
You die...

#. ##.#
...###..#
........######
.........#...#
...$........#
............#
......###.og##
... ......
###Sr## ....
..... ##@.##
#... .....
##..####>.#
.... .
##.†....# ..?.
.. ##....##
... #....#
#... ##...#
#...####....##
#......†....#
##.......#...#


You could see an adder, an orc, a quokka and a goblin.

Vanquished Creatures
  A ball python (D:4)
  A hobgoblin (D:4)
2 creatures vanquished.

Notes
Turn   | Place    | Note
-------+----------+-------------------------------------------
     0 | D:5      | BritishOli the Demonspawn Delver began the quest for the
                  | Orb.
     0 | D:5      | Reached XP level 1. HP: 18/18 MP: 1/1
    21 | D:5      | Noticed a necrophage
    81 | D:4      | Slain by a quokka

Illustrated notes

Levels and vault maps discovered:
D:4:      layout_layer_cave, eat_drink_and_be_merry_uskayaw
D:5:      layout_cave_pools, serial_column_ruins, column_ruins_open_tiny,
          column_ruins_open_tiny, column_ruins_grid_4,
          column_ruins_columns_straight, column_ruins_corridor_straight,
          uniq_ijyb, uniq_blork_the_orc

Action                   || total
-------------------------++-------
Melee: Falchion          ||    16
 Stab: Sleeping          ||     1
Armor: Leather armour    ||     4
Dodge: Dodged            ||    23

Table legend: (Time is in decaauts)
 A = Elapsed time spent in this place.
 B = Non-inter-level travel time spent in this place.
 C = Inter-level travel time spent in this place.
 D = Time resting spent in this place.
 E = Time spent auto-exploring this place.
 F = Levels seen in this place.
 G = Mean time per level.
                   A        B        C        D        E       F      G
               +--------+--------+--------+--------+--------+-----+--------+
         Total |     83 |     83 |      0 |      0 |     15 |   2 |   41.5 |
       Dungeon |     83 |     83 |      0 |      0 |     15 |   2 |   41.5 |
               +--------+--------+--------+--------+--------+-----+--------+

Top non-repeatable levels by time:
     D:4: 48 daAuts
     D:5: 35 daAuts
